 Dungeon Crawl Stone Soup version 0.25-a0-317-g5f8687bca5 (webtiles) character file.

Game seed: 6255183925573251663, levelgen mode: deterministic

37835 Grimalkyne the Blocker (level 13, 124/124 HPs)
             Began as a Pale Draconian Fire Elementalist on Dec 4, 2019.
             Was a High Priest of Sif Muna.
             Quit the game on level 2 of the Orcish Mines on Dec 26, 2019.
             The game lasted 02:26:09 (29451 turns).

Grimalkyne the Blocker (DrFE)                      Turns: 29451, Time: 02:26:09

Health: 124/124    AC: 12    Str:  6    XL:     13   Next: 60%
Magic:  15/16      EV: 27    Int: 17    God:    Sif Muna [*****.]
Gold:   1172       SH: 15    Dex: 15    Spells: 0/16 levels left

rFire    . . .     SeeInvis .   y - +4 spear (venom)
rCold    + . .     Gourm    .   o - +3 shield
rNeg     . . .     Faith    .   (armour unavailable)
rPois    +         Spirit   .   (helmet restricted)
rElec    .         Reflect  .   T - +1 cloak
rCorr    .         Harm     .   J - +0 pair of gloves
MR       ++...                  S - +0 pair of boots of Ruckiudgh {rPois rC+ MR+ Str-5}
Stlth    ++........             u - amulet of the acrobat
HPRegen  0.30/turn              r - ring of protection from magic
MPRegen  0.15/turn              w - ring of wizardry

@: acrobat
A: breathe steam, unfitting armour, cold-blooded, AC +8
a: Breathe Steam, Channel Magic, Forget Spell, Divine Exegesis, Renounce
Religion


You were on level 2 of the Orcish Mines.
You worshipped Sif Muna.
Sif Muna was extremely pleased with you.
You were not hungry.

You visited 3 branches of the dungeon, and saw 19 of its levels.

You collected 1664 gold pieces.
You spent 492 gold pieces at shops.

Inventory:

Hand Weapons
 y - a +4 spear of venom (weapon)
 I - a +1 scimitar of flaming
Missiles
 e - 317 stones (quivered)
 A - 2 throwing nets
Armour
 f - a scarf of repulsion
 o - a +3 shield (worn)
 J - a +0 pair of gloves (worn)
 S - the +0 pair of boots of Ruckiudgh (worn) {rPois rC+ MR+ Str-5}
   (You bought it in a shop on level 2 of the Orcish Mines)

   It affects your strength (-5).
   It protects you from cold.
   It protects you from poison.
   It affects your resistance to hostile enchantments.
 T - a +1 cloak (worn)
Jewellery
 r - a ring of protection from magic (left hand)
 s - an uncursed ring of flight
 u - an amulet of the acrobat (around neck)
 w - a ring of wizardry (right hand)
 H - the ring "Wonyceirch" {rC+ Str-5 Dex+3 Stlth-}
   (You found it on level 2 of the Lair of Beasts)

   [ring of attention]

   It affects your strength (-5).
   It affects your dexterity (+3).
   It protects you from cold.
   It makes you less stealthy.
 K - a +3 ring of evasion
 N - a cursed ring of teleportation {unknown}
Wands
 B - a wand of iceblast (7)
 G - a wand of acid (24)
 M - a wand of digging (6)
 O - a wand of flame (21)
Scrolls
 c - 3 scrolls of fear
 d - 2 scrolls of enchant armour
 j - 7 scrolls of amnesia
 p - 7 scrolls of remove curse
 z - 7 scrolls of teleportation
 C - a scroll of blinking
 D - 2 scrolls of identify
 F - a scroll of fog
 P - 2 scrolls of enchant weapon {unknown}
 R - a scroll of acquirement
Potions
 a - a potion of ambrosia {unknown}
 g - 2 potions of magic
 h - 2 potions of berserk rage {unknown}
 i - 6 potions of agility
 k - 4 potions of might {unknown}
 l - 2 potions of lignification
 m - 3 potions of heal wounds {unknown}
 n - 2 potions of mutation {unknown}
 q - 7 potions of curing
 t - 6 potions of flight
 v - 5 potions of brilliance {unknown}
 x - a potion of cancellation {unknown}
 E - 2 potions of invisibility {unknown}
Comestibles
 b - 8 rations
 L - 2 chunks of flesh


   Skills:
 - Level 14.0 Fighting
 - Level 1.7 Dodging
 - Level 1.7 Stealth
 + Level 14.7 Shields
 - Level 2.0 Spellcasting
 - Level 9.0 Conjurations
 + Level 9.0 Fire Magic
 - Level 5.0 Evocations


You couldn't memorise any spells.
You knew the following spells:

 Your Spells              Type           Power        Failure   Level  Hunger
a - Foxfire               Conj/Fire      ####         1%          1    #......
b - Conjure Flame         Conj/Fire      ####....     1%          3    ###....
c - Fireball              Conj/Fire      ####......   6%          5    ######.
d - Sticky Flame          Conj/Fire      ####....     1%          4    #####..
e - Ignite Poison         Fire/Tmut/Pois ##......     7%          3    ###....

Your spell library contained the following spells:

 Spells                   Type           Power        Failure   Level  Hunger
 Magic Dart               Conj           ####         1%          1    #......
 Shock                    Conj/Air       ###.         1%          1    #......
 Inner Flame              Hex/Fire       ###.....     4%          3    ###....
 Static Discharge         Conj/Air       ###.....     4%          3    ###....
 Mephitic Cloud           Conj/Pois/Air  ##......     7%          3    ###....
 Corona                   Hex            #......      9%          1    #......
 Freeze                   Ice            #...         9%          1    #......
 Sting                    Tmut/Pois      #...         9%          1    #......
 Blink                    Tloc           N/A          12%         2    ###....
 Call Imp                 Summ           #.......     12%         2    ###....
 Slow                     Hex            #.......     12%         2    ###....
 Swiftness                Chrm/Air       #.......     12%         2    ###....
 Hailstorm                Conj/Ice       ###.....     12%         4    #####..
 Ozocubu's Armour         Chrm/Ice       #.......     24%         3    ###....
 Portal Projectile        Hex/Tloc       #.....       24%         3    ###....
 Regeneration             Chrm/Necr      #.........   24%         3    ###....
 Irradiate                Conj/Tmut      ###.......   32%         5    ######.
 Lightning Bolt           Conj/Air       ###.......   32%         5    ######.
 Airstrike                Air            #.........   58%         4    #####..
 Cause Fear               Hex            #.........   58%         4    #####..
 Ice Form                 Ice/Tmut       #.......     58%         4    #####..
 Leda's Liquefaction      Hex/Erth       #.........   58%         4    #####..
 Summon Ice Beast         Ice/Summ       #.......     58%         4    #####..
 Agony                    Necr           #.......     89%         5    ######.
 Alistair's Intoxication  Tmut/Pois      #.......     89%         5    ######.
 Borgnjor's Vile Clutch   Necr/Erth      #.........   89%         5    ######.
 Dispel Undead            Necr           #.......     89%         5    ######.
 Metabolic Englaciation   Hex/Ice        #.........   89%         5    ######.
 Freezing Cloud           Conj/Ice/Air   ##........   96%         6    #######
 Ozocubu's Refrigeration  Ice            #.........   100%        6    #######
 Simulacrum               Ice/Necr       #.........   100%        6    #######
 Glaciate                 Conj/Ice       ###.......   100%        9    #######


Dungeon Overview and Level Annotations

Branches:
Dungeon (11/15)            Temple (0/1) D:7            Lair (6/6) D:11
 Shoals (0/4) Lair:2       Spider (0/4) Lair:3          Orc (2/2) D:9
    Elf (0/3) Orc:2
  Slime: Lair:5-6

Altars:
Ashenzari
Elyvilon
Gozag
Kikubaaqudgha
Makhleb
Okawaru
Ru
Sif Muna
Wu Jian
Xom
Yredelemnul
Zin
The Shining One
Beogh

Shops:
D:10 (   Orc:2 [

Annotations:
D:11 exclusion: upstairs, Fannar, Psyche


Innate Abilities, Weirdness & Mutations

You can breathe blasts of scalding, opaque steam.
Your pale cyan-grey scales are hard. (AC +8)
You cannot fit into any form of body armour.
You are cold-blooded and may be slowed by cold attacks.


Message History

The orc warrior is covered in liquid flames!
The orc warrior burns!
You hit the orc warrior.
The orc warrior is severely wounded.
The orc warrior burns! x2; You block the orc warrior's attack.
You are feeling hungry.
You hit the orc warrior but do no damage.
The orc warrior is almost dead.
The orc warrior burns!
You kill the orc warrior!
Sif Muna accepts your kill.
You start resting.
Eating one of 3 chunks of flesh.
You eat one of the 3 chunks of flesh.
This raw flesh tastes terrible.
An orc sorcerer comes into view.
It is wielding a +0 dagger and wearing a +0 robe of fire resistance.
Saving game... please wait.
Welcome back, Grimalkyne the Pale Draconian Fire Elementalist.
Sif Muna whispers: I know many secrets...
Press ? for a list of commands and other information.
An orc sorcerer is nearby!
Are you sure you want to abandon this character and quit the game? (Confirm with "yes".)

#.....)........................
##..................[...........
##.#.............................
#...)............................
..[.[............................
..#.[##............[.............
.##)[.###...[)..[[...............
.[)#.## ###..[....[..............
.[[[## ##.#....@................
..)## #.........[..............
..[## ##########.....##########
.[[[## #.........# ..)..##
#.........# ......# #.........#
###### ...[..# #.........# #.....
...).## #.......o.###.....
.[#[.## ............o......


You could see an orc sorcerer (wandering).

Vanquished Creatures
  An orc warlord (Orc:2)
  Harold (D:9)
  A hydra (Lair:1)
  Erica (Lair:1)
  2 two-headed ogres
  3 orc high priests (Orc:2)
  Nergalle (D:9)
  4 orc sorcerers
  4 orc knights (Orc:2)
  A wolf spider (Lair:4)
  A black mamba (Lair:5)
  2 merfolk sirens (Lair:2)
  3 elephants
  A torpor snail (Lair:4)
  A centaur skeleton (D:10)
  8 spiny frogs
  5 komodo dragons
  2 merfolk (Lair:2)
  4 trolls
  2 jumping spiders (Lair:3)
  Prince Ribbit (D:9)
  4 blink frogs (Lair:5)
  7 hippogriffs
  A spriggan (Lair:1)
  2 redbacks (Lair:3)
  26 yaks
  A basilisk (Lair:3)
  A wyvern (Lair:3)
  3 hungry ghosts
  Grum (Lair:1)
  2 steam dragons
  3 wargs
  8 water moccasins
  9 porcupines
  30 orc warriors
  An ice beast (D:10)
  4 sky beasts
  2 black bears
  10 ogres
  7 centaurs
  15 wolves
  10 crocodiles
  A big kobold (D:7)
  9 bullfrogs
  A gnoll sergeant (D:6)
  A scorpion (D:7)
  A troll zombie (D:9)
  4 wights
  2 howler monkeys (D:10)
  2 crimson imps
  An electric eel (Lair:1)
  A bullfrog zombie (D:7)
  A hound (D:7)
  A quasit (D:10)
  6 jellies
  24 orc priests
  A gnoll shaman (D:8)
  3 worker ants
  2 iguanas
  12 orc wizards
  5 ogre zombies (D:9)
  2 hound skeletons
  10 adders
  16 gnolls
  A shadow imp (D:8)
  An ooze (D:4)
  An adder skeleton (D:9)
  2 worms
  2 dart slugs
  4 leopard geckos
  80 orcs
  4 bats
  2 bat zombies (D:5)
  7 giant cockroaches
  9 goblins
  7 hobgoblins
  16 jackals
  11 kobolds
  2 quokkas
  3 ball pythons
  6 frilled lizards
  2 goblin skeletons (D:9)
  2 goblin zombies (D:9)
  A leopard gecko skeleton (D:5)
  3 orc skeletons (D:9)
  10 orc zombies (D:9)
  8 rats
  3 rat zombies (D:5)
  3 plants (Lair:4)
492 creatures vanquished.

Vanquished Creatures (others)
  A fire vortex (D:8)
  1395 foxfires
  13 plants (Lair:4)
1409 creatures vanquished.

Grand Total: 1901 creatures vanquished

Notes
Turn   | Place    | Note
-------+----------+-------------------------------------------
     0 | D:1      | Grimalkyne the Draconian Fire Elementalist began the quest
                  | for the Orb.
     0 | D:1      | Reached XP level 1. HP: 14/14 MP: 3/3
   114 | D:1      | You fall into a shaft and drop 1 floor!
   389 | D:1      | Reached XP level 2. HP: 20/20 MP: 1/5
  1591 | D:2      | Reached XP level 3. HP: 24/26 MP: 3/6
  1662 | D:2      | Learned a level 3 spell: Conjure Flame
  2287 | D:2      | Found a shimmering altar of Xom.
  2783 | D:3      | Reached XP level 4. HP: 33/33 MP: 5/7
  2861 | D:3      | Reached skill level 5 in Fire Magic
  2946 | D:3      | Found a faded altar of an unknown god.
  3141 | D:3      | Reached skill level 1 in Fighting
  3424 | D:4      | Noticed an ogre
  3431 | D:4      | Killed an ogre
  3431 | D:4      | Reached XP level 5. HP: 45/45 MP: 0/8
  3689 | D:4      | Noticed a sky beast
  3703 | D:4      | Killed a sky beast
  3703 | D:4      | Reached skill level 1 in Shields
  3703 | D:4      | Reached XP level 6. HP: 29/52 MP: 3/9
  4417 | D:4      | Found a shimmering blue altar of Sif Muna.
  4455 | D:4      | Became a worshipper of Sif Muna the Loreminder
  4563 | D:5      | Entered Level 5 of the Dungeon
  4830 | D:5      | Found an ancient bone altar of Kikubaaqudgha.
  4975 | D:5      | Found a glowing golden altar of the Shining One.
  5040 | D:5      | Reached skill level 5 in Fighting
  5040 | D:5      | Your scales start taking on a pale cyan-grey colour.
  5040 | D:5      | Reached XP level 7. HP: 61/61 MP: 3/10
  6069 | D:6      | Found a white marble altar of Elyvilon.
  6131 | D:6      | Reached skill level 5 in Shields
  6131 | D:6      | Reached XP level 8. HP: 68/68 MP: 1/11
  6376 | D:6      | Reached * piety under Sif Muna
  6777 | D:6      | Reached skill level 5 in Conjurations
  7486 | D:7      | Upgraded the game from 0.25-a0-248-g18654cfe15 to
                  | 0.25-a0-258-g6d7e32a812
  7605 | D:7      | Found a staircase to the Ecumenical Temple.
  8158 | D:7      | Reached XP level 9. HP: 78/78 MP: 5/12
  8218 | D:7      | Learned a level 5 spell: Fireball
  8260 | D:7      | Reached ** piety under Sif Muna
  9357 | D:8      | Reached *** piety under Sif Muna
  9540 | D:8      | Identified the +1 ring mail of the Beginning {rElec Str+2
                  | Dex+4}
  9759 | D:8      | Found an opulent altar of Gozag.
  9996 | D:9      | Got a translucent trident
  9997 | D:9      | Identified the +4 trident of Equilibrium {drain, rPois MP-9
                  | Int-3 Dex+9} (You found it on level 9 of the Dungeon)
 10007 | D:9      | Noticed Prince Ribbit
 10141 | D:9      | Killed Prince Ribbit
 10325 | D:9      | Found a staircase to the Orcish Mines.
 10818 | D:9      | Noticed a troll
 10818 | D:9      | You fall into a shaft and drop 1 floor!
 10818 | D:10     | Entered Level 10 of the Dungeon
 10823 | D:10     | Noticed Harold
 10877 | D:10     | Found an ornate altar of the Wu Jian Council.
 10877 | D:10     | Noticed Nergalle
 10902 | D:10     | Reached XP level 10. HP: 81/92 MP: 13/13
 11056 | D:9      | Reached skill level 10 in Fighting
 11259 | D:9      | Reached **** piety under Sif Muna
 11998 | D:9      | Found a sacrificial altar of Ru.
 11998 | D:9      | Found an iron altar of Okawaru.
 12004 | D:9      | Found a burning altar of Makhleb.
 12006 | D:9      | Found a shattered altar of Ashenzari.
 12008 | D:9      | Found a basalt altar of Yredelemnul.
 12128 | D:10     | Noticed a two-headed ogre
 12560 | D:10     | Killed a two-headed ogre
 12600 | D:10     | Learned a level 4 spell: Sticky Flame
 12661 | D:10     | Reached skill level 10 in Shields
 13357 | D:9      | Killed Harold
 13561 | D:10     | Noticed a spectral orc warlord
 13572 | D:9      | Killed Nergalle
 13793 | D:10     | Found Didaos's Antique Weapon Emporium.
 14141 | D:11     | Noticed Psyche
 14141 | D:11     | Noticed Fannar
 14203 | D:10     | Reached XP level 11. HP: 89/99 MP: 6/14
 14351 | D:11     | Found a staircase to the Lair.
 14373 | Lair:1   | Entered Level 1 of the Lair of Beasts
 14443 | Lair:1   | Got a twisted war axe
 14444 | Lair:1   | Identified the cursed +0 war axe of Wounding {freeze,
                  | Stlth+} (You found it on level 1 of the Lair of Beasts)
 14607 | Lair:1   | Noticed Erica
 14614 | Lair:1   | Killed Erica
 14805 | Lair:1   | Noticed Grum
 14836 | Lair:1   | Killed Grum
 14946 | Lair:1   | Noticed a four-headed hydra
 14966 | Lair:1   | Killed a four-headed hydra
 16953 | Lair:2   | Found a staircase to the Shoals.
 17193 | Lair:2   | Got a twitching steel ring
 17458 | Lair:2   | Reached XP level 12. HP: 65/112 MP: 13/15
 18177 | Lair:3   | Reached ***** piety under Sif Muna
 18549 | Lair:3   | Upgraded the game from 0.25-a0-258-g6d7e32a812 to
                  | 0.25-a0-263-g9d16a9d099
 19817 | Lair:4   | Found a glowing silver altar of Zin.
 20189 | Lair:4   | Identified Sif Muna's Almanac of Sinister Snow (Sif Muna
                  | gifted it to you on level 4 of the Lair of Beasts)
 20189 | Lair:4   | Received a gift from Sif Muna
 21156 | Lair:3   | Found a hole to the Spider Nest.
 21459 | Lair:4   | Identified the ring "Wonyceirch" {rC+ Str-5 Dex+3 Stlth-}
                  | (You found it on level 2 of the Lair of Beasts)
 21460 | Lair:4   | Identified a scroll of acquirement
 22324 | Lair:5   | Reached skill level 1 in Evocations
 23649 | Lair:6   | Entered Level 6 of the Lair of Beasts
 23669 | Lair:6   | Noticed a five-headed hydra
 23925 | Lair:6   | Noticed a seven-headed hydra
 24486 | Orc:1    | Entered Level 1 of the Orcish Mines
 24519 | D:9      | Reached XP level 13. HP: 56/124 MP: 8/16
 24899 | Orc:2    | Entered Level 2 of the Orcish Mines
 24899 | Orc:2    | Found a staircase to the Elven Halls.
 25584 | Orc:2    | Found Haepturo's Antique Armour Emporium.
 25609 | Orc:2    | Bought a pair of spiked boots for 275 gold pieces
 25609 | Orc:2    | Bought a runed cloak for 217 gold pieces
 25625 | Orc:2    | Identified the +0 pair of boots of Ruckiudgh {rPois rC+ MR+
                  | Str-5} (You bought it in a shop on level 2 of the Orcish
                  | Mines)
 26029 | Orc:2    | Upgraded the game from 0.25-a0-263-g9d16a9d099 to
                  | 0.25-a0-265-g7af84ae0ac
 26029 | Orc:2    | Upgraded the game from 0.25-a0-265-g7af84ae0ac to
                  | 0.25-a0-279-g53730b6a6f
 26137 | Orc:2    | Reached skill level 5 in Evocations
 27420 | Orc:2    | Identified Sif Muna's Almanac of the Mutagenic Arsonist
                  | (Sif Muna gifted it to you on level 2 of the Orcish Mines)
 27420 | Orc:2    | Received a gift from Sif Muna
 27441 | Orc:2    | Learned a level 3 spell: Ignite Poison
 27518 | Orc:2    | Noticed an orc warlord
 27561 | Orc:2    | Killed an orc warlord
 28921 | Orc:2    | Found a roughly hewn altar of Beogh.
 29039 | Orc:2    | Upgraded the game from 0.25-a0-279-g53730b6a6f to
                  | 0.25-a0-294-gea9b1ad378
 29451 | Orc:2    | Upgraded the game from 0.25-a0-294-gea9b1ad378 to
                  | 0.25-a0-317-g5f8687bca5
 29451 | Orc:2    | Quit the game

Levels and vault maps discovered:
D:1:      saegor_arrival_simple_d, layout_basic
D:2:      layout_basic, marbit_many_paths, first_ration, minmay_tetromino_l2
D:3:      layout_basic, chequers_ecumenical_altar_simple,
          chequers_serial_rivers_micro_e
D:4:      layout_rooms, lemuel_doored_altar
D:5:      layout_cave_pods, nicolae_tso_swordbearing_angel,
          lemuel_zombie_altar_kikubaaqudgha, serial_bayou_pond_d
D:6:      layout_gridville, lemuel_crystal_altar,
          eino_small_chamber_without_monster
D:7:      layout_rooms, minmay_temple_entry_wispy
D:8:      layout_basic, overflow_temple_1_default
D:9:      layout_rooms, chequers_temple_overflow_minitemple, zombieorc1_lemuel,
          uniq_prince_ribbit1
D:10:     layout_basic, basic_altar, serial_shops, nicolae_shop_crystal,
          uniq_nergalle, uniq_harold
D:11:     layout_basic, lair_entry_dummy, nemelex_diamond_rough_becter,
          uniq_psyche, uniq_fannar
Lair:1:   layout_cave_pods, grunt_forest_large_clearing_hut,
          serial_bayou_shore_a, uniq_erica, uniq_grum
Lair:2:   layout_regular_city, elwin_shoals_entry_stream
Lair:3:   layout_big_grid, spider_nest_entry_funnel_web
Lair:4:   wad_woods_stonehenge, layout_misc_corridors
Lair:5:   layout_long_grid
Lair:6:   hangedman_lair_caniforms_friends, layout_small_grid,
          hangedman_lair_tendril_chambers, dpeg_slime_entry_corner,
          serial_bayou_pond_a
Orc:1:    layout_caves, basic_altar, serial_shops, shop
Orc:2:    st_orc_congregation, layout_caves, serial_shops, shop_coins,
          gauntlet_entry_generic, minmay_orc_temple_a

Skill      XL: |  1  2  3  4  5  6  7  8  9 10 11 12 13 |
---------------+----------------------------------------+-----
Fire Magic     | 4 5 8 9 |  9.0
Fighting       | 3 4 5 6 9 10 12 14 | 14.0
Shields        | 1 3 5 7 8 11 12 14 | 14.7
Conjurations   | 3 5 8 9 |  9.0
Evocations     | 4 5 |  5.0
Dodging        | |  1.7
Stealth        | |  1.7
Spellcasting   | |  2.0

Action                   |  1- 3 |  4- 6 |  7- 9 | 10-12 | 13-15 || total
-------------------------+-------+-------+-------+-------+-------++-------
Melee: Unarmed           |     8 |       |       |       |       ||     8
       Dagger            |     6 |       |       |       |       ||     6
       Short sword       |    28 |    29 |       |       |       ||    57
       Tailslap          |     3 |       |    19 |    77 |    44 ||   143
       Trident           |       |     5 |    44 |       |       ||    49
       Spear             |       |       |   140 |   577 |   379 ||  1096
Throw: Stone             |       |     1 |       |       |       ||     1
 Cast: Foxfire           |    64 |   106 |   251 |   314 |    82 ||   817
       Conjure Flame     |     3 |       |     5 |    11 |       ||    19
       Sticky Flame      |       |       |       |    65 |    43 ||   108
       Fireball          |       |       |       |     1 |     9 ||    10
       Ignite Poison     |       |       |       |       |    13 ||    13
 Abil: Breathe Steam     |       |       |     3 |     3 |       ||     6
  Use: Scroll            |       |    13 |     2 |     9 |     1 ||    25
       Potion            |       |     1 |       |       |     1 ||     2
 Stab: Sleeping          |       |       |     2 |     4 |     1 ||     7
       Distracted        |       |       |       |     1 |     1 ||     2
  Eat: Chunk             |     7 |     9 |    20 |    29 |    33 ||    98
       Ration            |       |       |     3 |    11 |       ||    14
Armor: Skin              |    15 |    63 |    57 |    99 |    43 ||   277
Dodge: Dodged            |    46 |    38 |   122 |   266 |   109 ||   581
       Deflected         |       |     1 |     6 |     7 |       ||    14
Block: Shield            |       |       |   110 |   510 |   277 ||   897

Table legend:
 A = Non-vault XP
 B = Vault XP
 C = Vault XP percentage of total XP
 D = Non-vault monster count
 E = Vault monster count
 F = Vault count percentage of total count
                 A         B        C        D         E       F
            +---------+---------+-------+---------+---------+-------
      Total |   33189 |   20862 |  38.6 |     357 |     132 |  27.0
            +---------+---------+-------+---------+---------+-------
        D:1 |      33 |       0 |   0.0 |      19 |       0 |   0.0
        D:2 |      36 |      11 |  23.4 |       8 |       3 |  27.3
        D:3 |      68 |       0 |   0.0 |      25 |       0 |   0.0
        D:4 |     412 |       0 |   0.0 |      22 |       0 |   0.0
        D:5 |     536 |       7 |   1.3 |      11 |       5 |  31.2
        D:6 |    1025 |       0 |   0.0 |      27 |       0 |   0.0
        D:7 |    1098 |       0 |   0.0 |      24 |       0 |   0.0
        D:8 |    1231 |     384 |  23.8 |      41 |       2 |   4.7
        D:9 |    2064 |    2519 |  55.0 |      25 |      28 |  52.8
       D:10 |    2504 |       0 |   0.0 |      19 |       0 |   0.0
       D:11 |     410 |       0 |   0.0 |       3 |       0 |   0.0
     Lair:1 |    4000 |    3126 |  43.9 |      16 |       9 |  36.0
     Lair:2 |    2375 |    1551 |  39.5 |      10 |       4 |  28.6
     Lair:3 |    4222 |    1039 |  19.7 |      24 |       4 |  14.3
     Lair:4 |    3565 |    1242 |  25.8 |      15 |       6 |  28.6
     Lair:5 |    4957 |       0 |   0.0 |      24 |       0 |   0.0
      Orc:1 |    1433 |     142 |   9.0 |      11 |       1 |   8.3
      Orc:2 |    3220 |   10841 |  77.1 |      33 |      70 |  68.0
            +---------+---------+-------+---------+---------+-------
